AoeStats
← Shredded_Pork

Arena

509401213Analyzed
4v4 RM · 6d ago on Sep 26, 2026· 51m 29s· 8 players
Game mode
Random Map
Map size
Large (8 player)
Population
200
Speed
Normal
Resources
Standard
Victory
Conquest
Starting age
Dark Age
Ending age
Imperial Age
RankedLock teamsTeams togetherTeam positionsShared explorationLock speedFull tech treeHidden civsTurbo modeCheats
Victory
Defeat
🇵🇹 Persians · Portugal
716
+13
🇨🇭 Saxons · Switzerland
699
+14
🇭🇰 Persians · Hong Kong SAR China
648
+16
🇦🇷 Lithuanians · Argentina
645
+16
🇸🇰 Britons · Slovakia
718
-18
🇨🇳 Burgundians · China
699
-17
🇮🇳 Celts · India
585
-12
🇮🇳 Huns · India
585
-12
madnessss86
0:28 Loom
14:42 Feudal Age
19:50 Castle Age
20:24 Scale Barding Armor
22:52 Double-Bit Axe
23:07 Horse Collar
25:37 Town Watch
26:36 Gold Mining
26:38 Stone Mining
28:43 Wheelbarrow
28:10 Town Patrol
30:48 Bow Saw
31:23 Gold Shaft Mining
30:51 Squires
30:37 Gambesons
31:21 Padded Archer Armor
31:12 Fletching
31:38 Caravan
36:10 Imperial Age
34:06 Fortified Wall
33:38 Treadmill Crane
34:09 Masonry
35:24 Chain Barding Armor
35:15 Forging
35:06 Scale Mail Armor
37:39 Imperial Age
35:49 Hand Cart
36:11 Heavy Plow
39:39 Chain Mail Armor
40:15 Conscription
40:42 Elite Varangian Guard
44:20 Elite Hearth Troop
46:09 Plate Mail Armor
50:21 Iron Casting
Luciano24cm
5:33 Loom
8:51 Feudal Age
9:07 Loom
9:45 Double-Bit Axe
18:17 Castle Age
16:49 Horse Collar
17:10 Gold Mining
19:41 Bow Saw
24:51 Fervor
29:56 Imperial Age
28:07 Wheelbarrow
27:18 Town Watch
28:35 Town Patrol
29:03 Hand Cart
28:47 Stone Mining
29:10 Heavy Plow
30:25 Stone Shaft Mining
30:39 Coinage
30:25 Scale Barding Armor
31:32 Crop Rotation
32:08 Two-Man Saw
31:52 Chain Barding Armor
32:40 Fortified Wall
32:25 Murder Holes
32:43 Forging
33:08 Plate Barding Armor
32:36 Elite Leitis
35:21 Iron Casting
34:37 Fletching
34:47 Padded Archer Armor
35:00 Bloodlines
34:50 Husbandry
44:24 Hill Forts
44:24 Tower Shields
46:36 Hoardings
46:21 Conscription
49:44 Guilds
50:05 Banking
49:36 Caravan
yenepu
0:31 Loom
11:07 Feudal Age
11:32 Double-Bit Axe
11:37 Horse Collar
21:19 Castle Age
21:06 Stone Mining
21:10 Gold Mining
22:57 Bow Saw
22:50 Heavy Plow
23:28 Stone Shaft Mining
23:33 Wheelbarrow
24:50 Fervor
27:55 Caravan
30:09 Husbandry
33:12 Imperial Age
31:02 Hand Cart
31:33 Scale Barding Armor
31:38 Forging
31:33 Murder Holes
32:27 Gold Shaft Mining
33:01 Coinage
33:10 Bloodlines
33:46 Iron Casting
34:23 Chain Barding Armor
35:37 Chemistry
34:59 Ballistics
34:15 Cavalier
36:03 Banking
37:17 Conscription
37:18 Savar
39:10 Citadels
41:34 Plate Barding Armor
41:09 Elite Skirmisher
44:32 Blast Furnace
45:47 Parthian Tactics
47:32 Pikeman
48:12 Squires
48:17 Scale Mail Armor
49:25 Halberdier
49:51 Arson
51:06 Heated Shot
51:27 Masonry
51:37 Chain Mail Armor
51:23 Padded Archer Armor
51:14 Fletching
51:11 Heavy Camel Rider
brokenlit
0:37 Loom
1:54 Loom
13:03 Feudal Age
14:15 Double-Bit Axe
17:36 Horse Collar
17:30 Man-at-Arms
23:57 Castle Age
23:38 Stone Mining
23:45 Gold Mining
25:14 Fletching
33:40 Imperial Age
31:57 Stone Shaft Mining
31:52 Bodkin Arrow
34:18 Wheelbarrow
35:22 Chemistry
35:05 Conscription
37:23 Conscription
Richard
0:28 Loom
11:47 Feudal Age
12:10 Horse Collar
12:18 Double-Bit Axe
19:14 Castle Age
18:45 Stone Mining
18:45 Gold Mining
21:03 Bow Saw
21:46 Wheelbarrow
20:57 Town Watch
22:52 Heavy Plow
25:21 Gold Shaft Mining
27:02 Caravan
30:34 Man-at-Arms
30:59 Gambesons
31:15 Squires
31:01 Arson
30:36 Pikeman
32:21 Long Swordsman
35:35 Imperial Age
34:07 Fletching
34:17 Padded Archer Armor
34:28 Forging
34:18 Scale Mail Armor
34:23 Scale Barding Armor
34:51 Hand Cart
34:56 Town Patrol
35:24 Yeomen
35:42 Fortified Wall
35:27 Murder Holes
35:14 Treadmill Crane
35:54 Ballistics
36:08 Masonry
35:56 Bodkin Arrow
38:25 Chemistry
37:11 Arrowslits
37:27 Bracer
37:44 Leather Archer Armor
38:06 Iron Casting
37:46 Chain Mail Armor
37:51 Warwolf
38:13 Conscription
37:24 Sappers
38:15 Guard Tower
38:01 Two-Handed Swordsman
39:19 Hoardings
39:05 Elite Longbowman
43:20 Architecture
42:55 Siege Engineers
42:42 Heated Shot
43:27 Keep
43:26 Ring Archer Armor
43:56 Blast Furnace
43:28 Plate Mail Armor
43:18 Chain Barding Armor
43:11 Careening
43:26 Halberdier
43:27 Champion
45:20 Two-Man Saw
Shredded_Pork
10:43 Feudal Age
11:18 Horse Collar
11:26 Double-Bit Axe
19:05 Castle Age
17:33 Stone Mining
17:33 Gold Mining
20:31 Bow Saw
20:23 Heavy Plow
21:47 Stone Shaft Mining
21:48 Gold Shaft Mining
31:58 Imperial Age
30:19 Wheelbarrow
30:44 Caravan
31:04 Scale Barding Armor
31:00 Scale Mail Armor
31:10 Forging
30:51 Fletching
31:01 Padded Archer Armor
31:29 Hand Cart
30:47 Pikeman
31:28 Squires
32:04 Burgundian Vineyards
31:23 Man-at-Arms
32:30 Chain Barding Armor
32:34 Ballistics
34:10 Two-Man Saw
33:39 Husbandry
33:06 Halberdier
33:08 Long Swordsman
34:13 Chain Mail Armor
34:34 Iron Casting
34:33 Crop Rotation
35:10 Chemistry
34:38 Conscription
33:52 Two-Handed Swordsman
36:23 Plate Barding Armor
37:35 Plate Mail Armor
40:03 Blast Furnace
46:07 Flemish Revolution
ankitsahoo7815
5:30 Loom
11:12 Feudal Age
12:03 Double-Bit Axe
14:03 Man-at-Arms
20:02 Wheelbarrow
19:56 Horse Collar
23:20 Castle Age
23:37 Long Swordsman
26:45 Gold Mining
28:53 Forging
28:43 Scale Mail Armor
28:50 Scale Barding Armor
28:46 Padded Archer Armor
28:36 Fletching
28:54 Stone Mining
29:41 Hand Cart
30:56 Husbandry
32:11 Crossbowman
33:33 Iron Casting
33:13 Chain Mail Armor
32:54 Bodkin Arrow
33:43 Heavy Plow
34:01 Bow Saw
42:55 Murder Holes
48:53 Light Cavalry
FullestOx956066
12:46 Loom
16:14 Feudal Age
17:25 Double-Bit Axe
18:33 Bloodlines
21:15 Scale Barding Armor
25:47 Forging
30:30 Castle Age
29:28 Gold Mining
30:32 Light Cavalry
31:17 Husbandry
33:45 Horse Collar
38:06 Heavy Plow
46:35 Chain Barding Armor
46:33 Bow Saw
Connection lost

Rejoining the realm…

Still unreachable

The connection could not be restored.

Session expired

The server has moved on; the page needs a fresh start.